 Dungeon Sprint DCSS version 0.31.0-9-g3a7656b989 (webtiles) character file.

Game seed: 13347510443418356702

5 Groucho the Scratcher (level 1, 0/10 HPs)
             Began as a Felid Shapeshifter on Jan 31, 2024.
             Shot with a sling bullet by Joseph (10 damage)
             ... in the Dungeon (Sprint IX: "|||||||||||||||||||||||||||||").
             The game lasted 00:00:45 (159 turns).

Groucho the Scratcher (Felid Shapeshifter)           Turns: 159, Time: 00:00:45

Health: 0/10       AC:  1    Str: 10    XL:     1   Next: 66%
Magic:  2/2        EV: 17    Int: 13    God:
Gold:   0          SH:  0    Dex: 15    Spells: 0/0 levels left
                                        Lives:  0   Deaths: 1

rFire   . .          .
                       - Unarmed
rCold   . . .        (shield unavailable)
rNeg    . . .        (body armour unavailable)
rPois   .            (helmet unavailable)
rElec   .            (cloak unavailable)
rCorr   .            (gloves unavailable)
SInv    +            (boots unavailable)
Will    .....        (no amulet)
Stlth   ++           (no ring)
HPRegen 0.21/turn    (no ring)
MPRegen 0.08/turn

%: no teleportation
@: beast-form
A: beast (slay +1), very small, claws 1, fangs 3, see invisible, shaggy fur 1,
stealthy paws, no weapons or thrown items, no armour, multi-lived
a: Begin Untransformation


You were in the Dungeon.
You were a hulking beast.
You visited 1 branch

Inventory:

Talismans
 b - a beast talisman
 c - a flux talisman
Scrolls
 i - a scroll of blinking
Potions
 a - a potion of lignification
 d - a potion of curing
 e - a potion of heal wounds
 f - a potion of haste
 g - 2 potions of magic


   Skills:
 + Level 1.5 Fighting
 + Level 3.1 Dodging
 + Level 1.4 Stealth
 + Level 3.2 Unarmed Combat
 + Level 0.9 Invocations
 + Level 1.0 Evocations
 * Level 3.0 Shapeshifting


You couldn't memorise any spells.
You didn't know any spells.
Your spell library was empty.

Dungeon Overview and Level Annotations

Branches:
Dungeon (1/1)

Altars:

Annotations:
D Joseph


Innate Abilities, Weirdness & Mutations

You are a hulking beast.
Your limbs bulge with bestial killing power. (Slay +1)
You have sharp claws.
You have razor-sharp teeth.
You have supernaturally acute eyesight. (SInv)
You are covered in fur. (AC +1)
Your paws help you pounce on unaware monsters.
You are incapable of wielding weapons or throwing items.
You cannot wear armour.
You gain extra lives every three experience levels.


Message History

You start waiting.
Done waiting.
Okay, then.
You open the door.
An iguana, a bombardier beetle and 3 jellies come into view.
The jelly quivers.
There is an open door here.
You pounce on the unaware helpless jelly!
You claw the jelly! The acid corrodes you!
Your paws burn!
You bite the jelly, but do no damage.
The jelly is almost dead.
The jelly quivers.
The jelly closely misses you.
Unknown command.
Unknown command.
A red film seems to cover your vision as you go berserk!
You feel yourself moving faster!
You feel mighty! The jelly hits you.
You are splashed with acid!
Ouch! That really hurt!
* * * LOW HITPOINT WARNING * * *
You barely miss the jelly.
The jelly is almost dead.
You completely miss the jelly.
The jelly is almost dead.
The jelly hits you.
* * * LOW HITPOINT WARNING * * *
You are splashed with acid!
You die...
Your shape twists and changes as you die.
You rejoin the land of the living...
Joseph, a Mercenary comes into view.
He is wielding a +0 quarterstaff.
Joseph shouts!
Joseph is nearby!
Joseph is nearby!
Joseph is nearby!
Joseph is nearby!
Joseph unwields a +0 quarterstaff.
Joseph wields a +0 sling.
Joseph shoots a sling bullet.
The sling bullet hits you!
Ouch! That really hurt!
You die...

▓▓▓▓▓▓ ......
▓▓▓▓▓▓▓▓▓▓▓▓▓▓▓▓▓▓▓▓▓▓▓▓
..@....h................
▓▓▓▓▓▓▓▓▓▓▓▓▓▓▓▓▓▓▓▓▓▓▓▓
▓▓▓▓▓▓▓▓▓▓▓ +JJlBJ†....
▓▓▓▓▓▓▓▓▓▓▓


You could see Joseph.

Vanquished Creatures
  A dart slug (D)
  3 frilled lizards (D)
  A kobold (D)
5 creatures vanquished.

Notes
Turn   | Place    | Note
-------+----------+-------------------------------------------
     0 | D        | Groucho the Felid Shapeshifter began the quest for the Orb.
     0 | D        | Reached XP level 1. HP: 10/10 MP: 2/2
    14 | D        | Reached skill level 1 in Stealth
    17 | D        | Reached skill level 1 in Evocations
   126 | D        | Noticed a jelly
   126 | D        | Noticed a jelly
   126 | D        | Noticed an iguana
   126 | D        | Noticed a bombardier beetle
   126 | D        | Noticed a jelly
   131 | D        | Splashed by a jelly's acid
   131 | D        | Lost a life (0 lives remaining)
   158 | D        | Noticed Joseph
   159 | D        | Shot with a sling bullet by Joseph

Illustrated notes

Levels and vault maps discovered:
D:        linesprint [early_d, line_temple, items_1, d_10, items_2, lair_1,
          lair_end, items_3, orc_1, orc_end, items_4, d_15, swamp_1, shoals_1,
          snake_1, spider_1, d_20, vaults_1, items_5, swamp_end, shoals_end,
          snake_end, spider_end, vaults_end, d_27, items_6, zot_1, zot_end,
          crypt_end, forest_end, elf_end, slime_end, tomb_end, abyss_end,
          pan_hell_end]

Skill      XL: |  1 |
---------------+----+-----
Dodging        | 3 |  3.1
Stealth        | 1 |  1.4
Shapeshifting  | 3 |  3.0
Evocations     | 1 |  1.0
Fighting       | |  1.5
Unarmed Combat | |  3.2
Invocations    | |  0.9

Action                     || total
---------------------------++-------
  Melee: Unarmed           ||    15
         Bite              ||     2
    Use: Potion            ||     1
   Stab: Sleeping          ||     1
 Armour: Skin              ||     4
  Dodge: Dodged            ||     6
